 Dungeon Crawl Stone Soup version 0.30-a0-329-g85436e0a43 (webtiles) character file.

Game seed: 4078131634503333191

110 blackman the Sneak (level 5, 0/41 HPs)
             Began as a Human Delver on Oct 28, 2022.
             Succumbed to a water moccasin's poison
             ... in a sewer.
             The game lasted 00:01:09 (291 turns).

blackman the Sneak (Human Delver)                    Turns: 291, Time: 00:01:09

Health: 0/41       AC:  3    Str: 12    XL:     5   Next: 14%
Magic:  5/5        EV: 12    Int: 11    God:
Gold:   16         SH:  0    Dex: 16    Spells: 4/4 levels left

rFire   . . .      SeeInvis .    a - +0 falchion
rCold   . . .      Faith    .    (no shield)
rNeg    . . .      Spirit   .    b - +0 leather armour
rPois   .          Reflect  .    (no helmet)
rElec   .          Harm     .    (no cloak)
rCorr   .          Rampage  .    (no gloves)
Will    .....                    (no boots)
Stlth   +++.......               (no amulet)
HPRegen 0.26/turn                (no ring)
MPRegen 0.09/turn                (no ring)

@: lethally poisoned (0 -> -1), hasted, very quick
A: no striking features
a: no special abilities


You were in a sewer.
You visited 1 branch of the dungeon, and saw 1 of its levels.
You also visited: Sewer.

You collected 16 gold pieces.

Inventory:

Hand Weapons
 a - a +0 falchion (weapon)
Armour
 b - a +0 leather armour (worn)
Jewellery
 h - a ring of fire
Wands
 c - a wand of flame (5)
 g - a wand of digging (3)
Scrolls
 d - a scroll of magic mapping


   Skills:
 - Level 3.0 Fighting
 + Level 4.9 Long Blades
 - Level 2.0 Dodging
 - Level 5.0 Stealth


You had 4 spell levels left.
You didn't know any spells.
Your spell library was empty.

Dungeon Overview and Level Annotations

Branches:
Dungeon (5/15)              Sewer (1/1)
 Temple: D:4-7

Altars:


Message History

Aim: a water moccasin (48% to hit)
The puff of flame hits the water moccasin!
The water moccasin is moderately wounded.
* * * LOW HITPOINT WARNING * * *
You feel sick.
The water moccasin is engulfed in a cloud of scalding steam.
The water moccasin bites you but does no damage.
It was a potion of magic.
Magic courses through your body.
* * * LOW HITPOINT WARNING * * *
You feel sick.
The water moccasin is engulfed in a cloud of scalding steam.
The water moccasin closely misses you.
The water moccasin is engulfed in a cloud of scalding steam.
The water moccasin bites you but does no damage.
You hit the water moccasin.
The water moccasin is almost dead.
* * * LOW HITPOINT WARNING * * *
You feel sick.
The water moccasin is engulfed in a cloud of scalding steam.
You kill the water moccasin!
Your Long Blades skill gained 2 levels and is now at level 4!
You have reached level 3!
Your experience leads to an increase in your attributes!
Increase (S)trength, (I)ntelligence, or (D)exterity?
You feel agile. x2
You have reached level 4!
You feel clever.
You have reached level 5!
There is a lethal amount of poison in your body!
There is a lethal amount of poison in your body!
There is a lethal amount of poison in your body!
There is a lethal amount of poison in your body!
There is a lethal amount of poison in your body!
You feel yourself speed up.
* * * LOW HITPOINT WARNING * * *
You feel sick.
There is a lethal amount of poison in your body!
* * * LOW HITPOINT WARNING * * *
You feel sick.
You die...

########
###..§§§§### ####
#.~..§§§§§§####)[#
.~~~####§§§§~##†@#
~~### ###...~.###
.## ##.~.~..#
..### ###~.~~.###
....####~....##~$
#..~~.~.~..### ()#
###....~.### ###
########


There were no monsters in sight!

Vanquished Creatures
  A water moccasin (Sewer)
  4 giant cockroaches (D:5)
  2 jackals (Sewer)
  A quokka (D:5)
  2 rats (D:5)
10 creatures vanquished.

Notes
Turn   | Place    | Note
-------+----------+-------------------------------------------
     0 | D:5      | blackman the Human Delver began the quest for the Orb.
     0 | D:5      | Reached XP level 1. HP: 18/18 MP: 1/1
   140 | D:5      | Reached XP level 2. HP: 22/24 MP: 2/2
   149 | D:5      | Found a glowing drain.
   156 | Sewer    | Entered a sewer
   230 | Sewer    | Noticed a water moccasin
   287 | Sewer    | HP: 1/24 [poisoned by a water moccasin]
   287 | Sewer    | Killed a water moccasin
   288 | Sewer    | Reached XP level 3. HP: 2/29 MP: 3/3
   288 | Sewer    | Reached XP level 4. HP: 2/35 MP: 4/4
   288 | Sewer    | Reached XP level 5. HP: 2/41 MP: 5/5
   291 | Sewer    | Succumbed to a water moccasin's poison

Illustrated notes

Levels and vault maps discovered:
D:5:      layout_loops_ring, general_overflow_altar, gup_sewer_entry_bubbles,
          hangedman_feature_mirror, kennysheep_generic_room_8
Sewer:    sewer_the_moccasin

Skill      XL: |  1  2 |
---------------+-------+-----
Long Blades    | 4 |  4.9
Fighting       | |  3.0
Dodging        | |  2.0
Stealth        | |  5.0

Action                   |  1- 3 |  4- 6 || total
-------------------------+-------+-------++-------
Melee: Falchion          |    46 |       ||    46
Evoke: Wand              |     1 |       ||     1
  Use: Scroll            |     2 |       ||     2
       Potion            |     1 |     1 ||     2
 Stab: Sleeping          |     1 |       ||     1
Armor: Leather armour    |    13 |       ||    13
Dodge: Dodged            |    35 |       ||    35

Table legend: (Time is in decaauts)
 A = Elapsed time spent in this place.
 B = Non-inter-level travel time spent in this place.
 C = Inter-level travel time spent in this place.
 D = Time resting spent in this place.
 E = Time spent auto-exploring this place.
 F = Levels seen in this place.
 G = Mean time per level.
                   A        B        C        D        E       F      G
               +--------+--------+--------+--------+--------+-----+--------+
         Total |    325 |    322 |      3 |      0 |    176 |   2 |  162.5 |
       Dungeon |    177 |    174 |      3 |      0 |    103 |   1 |  177.0 |
         Sewer |    148 |    148 |      0 |      0 |     73 |   1 |  148.0 |
               +--------+--------+--------+--------+--------+-----+--------+

Top non-repeatable levels by time:
     D:5: 177 daAuts
   Sewer: 148 daAuts
